Map: Ephemeron LE

Players

KinG

  • Race: Zerg Zerg
  • Spawn Location: 11:00

AiLillekanin (Lillekanin) - Winner!

  • Race: Terran Terran
  • League: Master
  • Spawn Location: 5:00

Event: NationWars 2019

VOD

Have the link to the VOD?

Description

Time

  • Played on: Sept. 30, 2019, 3:28 p.m.
  • Length: 21:14
Show
View Real Time Build Order
Export as new Build Order

KinG Zerg 

Build Orders: Pool First, Muta Ling Bane, Swarm Host 

Get SALT Encoding   

  12  0:00  Drone  
  13  0:12  Overlord  
  13  0:16  Drone  
  14  0:31  Drone x2  
  16  0:42  Spawning Pool  
  16  0:45  Drone  
  17  0:50  Drone  
  17  1:08  Hatchery  
  16  1:13  Drone  
  16  1:15  Drone  
  16  1:17  Extractor  
  17  1:29  Zergling x2  
  17  1:31  Queen  
  20  1:40  Overlord  
  20  1:45  Drone  
  21  1:53  Drone  
  22  2:05  Zergling x2  
  23  2:08  Queen  
  23  2:12  Drone  
  26  2:18  Metabolic Boost  
  26  2:22  Drone x2  
  28  2:39  Drone x3, Queen  
  28  2:43  Overlord  
  33  2:45  Drone  
  33  2:46  Drone  
  35  2:55  Drone  
  35  2:57  Lair  
  36  3:04  Drone x3  
  39  3:11  Drone, Overlord  
  40  3:13  Drone  
  41  3:32  Overlord  
  41  3:34  Drone  
  41  3:35  Drone x4, Extractor x2  
  44  3:43  Overlord  
  44  3:45  Zergling x6  
  47  3:51  Extractor  
  47  3:53  Drone x4  
  50  4:01  Overlord  
  50  4:05  Spire  
  49  4:10  Drone x3  
  52  4:21  Overseer  
  52  4:24  Overlord  
  52  4:27  Drone x2, Hatchery  
  53  4:33  Drone  
  53  4:34  Drone x3  
  57  4:41  Overlord  
  57  4:43  Baneling Nest  
  56  5:03  Overlord x2  
  56  5:06  Zergling x2  
  57  5:07  Zergling x12  
  63  5:19  Mutalisk x2  
  63  5:20  Mutalisk x2  
  63  5:21  Mutalisk  
  71  5:26  Mutalisk  
  75  5:37  Mutalisk  
  75  5:38  Mutalisk x2  
  81  5:57  Mutalisk x2  
  85  6:09  Zergling x24  
  85  6:10  Centrifical Hooks  
  97  6:17  Overlord  
  96  6:26  Mutalisk  
  96  6:28  Zergling x8  
  92  6:37  Baneling  
  92  6:38  Baneling x6  
  92  6:43  Zergling x20  
  102  6:50  Zergling x2  
  103  6:54  Zergling x4  
  103  6:58  Zergling x2  
  106  7:03  Overlord  
  105  7:13  Baneling x3  
  105  7:14  Baneling x13  
  104  7:18  Overlord x2  
  104  7:20  Zergling x16  
  83  7:58  Zergling x26  
  87  8:03  Drone  
  87  8:04  Roach Warren, Drone, Queen, Evolution Chamber  
  89  8:12  Mutalisk  
  87  8:15  Drone x2  
  82  8:29  Drone x3  
  82  8:31  Mutalisk, Zerg Missile Weapons Level 1  
  87  8:37  Drone x6  
  87  8:41  Extractor  
  92  8:45  Drone x5  
  97  8:56  Drone x3  
  97  8:59  Hatchery  
  97  9:00  Extractor  
  92  9:15  Drone x3  
  92  9:16  Drone x3  
  94  9:17  Roach x4  
  94  9:19  Baneling x6  
  94  9:20  Baneling x3  
  94  9:23  Roach  
  94  9:24  Roach  
  104  9:36  Overlord x2  
  104  9:37  Roach x5  
  114  9:49  Glial Reconstitution, Infestation Pit  
  114  9:51  Roach x3  
  114  9:52  Roach x2  
  123  10:05  Overlord x2  
  122  10:18  Drone x3  
  122  10:19  Drone x4  
  124  10:33  Spore Crawler  
  119  10:44  Swarm Host  
  119  10:45  Swarm Host x12  
  158  10:55  Overlord x4  
  158  10:58  Zerg Missile Weapons Level 2  
  158  11:08  Spore Crawler, Drone x2  
  158  11:10  Extractor  
  158  11:17  Swarm Host x5  
  173  11:29  Roach x5  
  173  11:30  Roach  
  182  11:34  Baneling x7  
  178  11:58  Roach  
  178  11:59  Roach x10  
  197  12:15  Hive  
  152  12:40  Roach  
  152  12:41  Roach x19  
  192  12:51  Swarm Host x4  
  151  13:10  Mutalisk  
  151  13:11  Mutalisk x6  
  143  13:21  Mutalisk x3  
  143  13:27  Mutalisk x2  
  147  13:36  Mutalisk x2  
  147  13:39  Extractor  
  148  13:47  Mutalisk x2  
  147  13:50  Zergling x16  
  151  14:01  Drone x6  
  155  14:06  Mutalisk x3  
  159  14:18  Mutalisk x3  
  164  14:26  Roach x4  
  172  14:33  Roach x3  
  178  14:41  Zerg Missile Weapons Level 3  
  144  15:08  Swarm Host x10  
  174  15:19  Queen  
  159  15:43  Swarm Host  
  159  15:44  Swarm Host x7  
  159  15:46  Hatchery  
  182  15:56  Queen  
  181  16:02  Drone x5  
  181  16:03  Drone x3  
  179  16:13  Drone x2  
  179  16:14  Drone x3  
  184  16:29  Hydralisk Den  
  183  16:58  Evolution Chamber x2  
  181  17:03  Evolution Chamber  
  176  17:14  Drone x23  
  192  17:17  Greater Spire  
  192  17:18  Extractor  
  130  17:39  Extractor  
  130  17:41  Zerg Ground Armor Level 1  
  126  17:47  Hydralisk x4  
  136  17:54  Hydralisk x2  
  110  18:23  Corruptor x5  
  114  18:50  Hatchery  
  110  19:09  Drone x4  
  109  19:10  Drone x5  
  109  19:13  Brood Lord  
  109  19:14  Brood Lord x2  
  109  19:16  Brood Lord  
  121  19:30  Brood Lord  
  122  19:33  Corruptor  
  124  20:01  Pathogen Glands  
  120  20:25  Roach x14  
Show
View Real Time Build Order
Export as new Build Order

AiLillekanin Terran - Winner!

Build Orders: Mech 

Get SALT Encoding   

  12  0:00  SCV  
  13  0:12  SCV  
  14  0:18  Supply Depot  
  14  0:25  SCV  
  15  0:29  Refinery  
  15  0:39  SCV  
  16  0:46  Barracks  
  16  0:51  SCV  
  17  1:03  SCV  
  18  1:15  SCV  
  20  1:33  Reaper  
  20  1:34  Orbital Command  
  20  1:47  Command Center  
  20  1:58  Factory  
  20  2:02  SCV  
  20  2:07  Barracks Reactor  
  21  2:13  Refinery  
  21  2:15  SCV  
  22  2:22  Supply Depot  
  22  2:28  SCV  
  22  2:40  SCV  
  22  2:44  Starport, Marine x2  
  23  2:48  Factory Tech Lab  
  25  2:52  SCV  
  26  3:00  Orbital Command  
  26  3:07  Bunker  
  26  3:10  SCV  
  27  3:13  Marine  
  27  3:16  Marine  
  29  3:23  SCV  
  30  3:28  Siege Tank  
  30  3:31  SCV  
  34  3:35  SCV  
  35  3:42  Viking  
  35  3:43  SCV  
  35  3:47  Supply Depot  
  38  3:49  SCV  
  38  3:51  Marine  
  38  3:52  Marine  
  41  3:59  SCV  
  42  4:07  SCV  
  42  4:08  Siege Tank  
  42  4:09  Marine  
  47  4:10  Marine  
  47  4:11  Supply Depot  
  47  4:12  SCV  
  48  4:19  SCV  
  48  4:21  Starport Tech Lab  
  49  4:24  SCV  
  51  4:31  SCV  
  51  4:36  SCV  
  52  4:43  SCV  
  52  4:45  Armory  
  53  4:46  Engineering Bay  
  53  4:48  SCV  
  54  4:54  Supply Depot  
  54  4:55  SCV  
  54  4:56  Refinery  
  54  4:57  Refinery  
  55  5:00  SCV  
  55  5:06  Widow Mine x2  
  60  5:07  SCV  
  60  5:13  SCV  
  62  5:17  Missile Turret  
  62  5:18  Missile Turret  
  62  5:19  SCV  
  62  5:20  Missile Turret  
  63  5:22  Supply Depot  
  63  5:25  SCV  
  64  5:31  SCV, Widow Mine x2  
  70  5:45  Missile Turret  
  69  5:56  Factory  
  69  5:59  Command Center  
  69  6:02  SCV  
  70  6:06  Missile Turret  
  70  6:07  Terran Vehicle Weapons Level 1  
  70  6:11  SCV  
  70  6:13  Factory  
  70  6:17  SCV  
  72  6:20  Supply Depot  
  72  6:23  SCV  
  68  6:33  SCV  
  68  6:39  Hellion  
  71  6:40  Hellion  
  71  6:41  Supply Depot  
  71  6:43  SCV  
  71  6:46  Supply Depot  
  72  6:48  Thor  
  78  6:55  Infernal Pre-Igniter  
  78  7:05  SCV  
  78  7:10  Starport Reactor  
  78  7:12  Siege Tank  
  78  7:14  Hellion x2  
  83  7:20  Orbital Command  
  83  7:24  Armory  
  83  7:25  SCV  
  84  7:36  Siege Tank  
  87  7:38  Hellion  
  87  7:39  Hellion  
  87  7:44  Siege Tank  
  73  7:55  Orbital Command  
  73  7:56  SCV  
  52  8:00  Hellion x2  
  52  8:01  Hellion  
  54  8:08  SCV, Siege Tank  
  54  8:12  Hellion  
  56  8:20  SCV  
  56  8:24  SCV  
  56  8:25  SCV  
  59  8:32  SCV  
  60  8:36  SCV  
  60  8:38  SCV  
  62  8:44  SCV  
  62  8:47  Refinery  
  63  8:48  SCV, Refinery  
  63  8:50  SCV  
  63  8:51  Medivac  
  67  8:56  SCV, Supply Depot  
  67  8:58  Thor  
  67  9:00  SCV  
  67  9:02  SCV  
  76  9:08  SCV  
  73  9:13  SCV  
  73  9:14  SCV  
  73  9:15  Hellion  
  73  9:16  Hellion x2  
  77  9:19  Supply Depot  
  77  9:20  SCV  
  77  9:23  Supply Depot  
  78  9:25  SCV, Medivac  
  78  9:26  SCV, Terran Vehicle Weapons Level 2  
  78  9:27  Terran Vehicle And Ship Armor Level 1  
  82  9:32  SCV  
  82  9:37  SCV, Hellion x2  
  89  9:38  SCV  
  89  9:39  Missile Turret  
  89  9:41  Missile Turret  
  89  9:44  SCV  
  90  9:49  Orbital Command, SCV, Hellion x2  
  95  10:03  Hellion x2  
  99  10:07  SCV x2  
  101  10:16  Viking x2  
  101  10:20  Factory x2  
  105  10:21  SCV  
  105  10:26  Siege Tank  
  109  10:31  SCV  
  110  10:39  Siege Tank  
  110  10:40  SCV x2, Hellion x3  
  115  10:43  SCV  
  116  10:52  SCV x2  
  116  10:56  SCV  
  119  10:57  Refinery  
  119  10:58  Refinery  
  119  11:04  SCV, Command Center  
  119  11:08  Supply Depot x2  
  120  11:13  Factory Tech Lab x2  
  120  11:14  SCV x2  
  120  11:16  SCV  
  123  11:29  Thor  
  123  11:30  Supply Depot  
  123  11:31  Supply Depot  
  129  11:33  Supply Depot  
  129  11:39  Supply Depot  
  129  11:40  Missile Turret, Supply Depot  
  129  11:41  Supply Depot  
  129  11:43  Missile Turret  
  129  11:44  Viking  
  119  12:01  Siege Tank, Hellion  
  111  12:02  Hellion x2  
  111  12:06  Hellion  
  115  12:13  Hellion  
  115  12:14  Terran Vehicle And Ship Armor Level 2, Terran Vehicle Weapons Level 3  
  117  12:19  Missile Turret  
  115  12:23  Siege Tank  
  115  12:33  Siege Tank, Hellion  
  115  12:34  Hellion  
  122  12:37  SCV x2  
  124  12:48  Siege Tank, Hellion  
  118  12:55  Hellion  
  112  13:02  SCV x2  
  112  13:03  SCV  
  115  13:09  Hellion  
  113  13:14  SCV  
  113  13:16  SCV  
  111  13:28  SCV  
  111  13:31  SCV, Command Center  
  111  13:32  SCV  
  114  13:39  Missile Turret  
  114  13:40  Missile Turret, SCV  
  115  13:43  Siege Tank  
  118  13:50  Thor  
  114  13:56  Missile Turret  
  114  14:00  Thor  
  120  14:05  Widow Mine  
  120  14:06  Widow Mine  
  124  14:12  Widow Mine  
  124  14:13  Missile Turret  
  124  14:15  Widow Mine  
  119  14:33  Thor  
  119  14:37  Terran Vehicle And Ship Armor Level 3, Viking x2  
  119  14:38  Missile Turret  
  129  14:41  Hellion  
  127  14:59  Missile Turret  
  123  15:03  Siege Tank, Hellion x3  
  127  15:08  SCV  
  127  15:12  Hellion  
  127  15:13  SCV  
  127  15:14  SCV  
  132  15:16  Hellion  
  132  15:20  SCV  
  135  15:23  Missile Turret  
  135  15:25  Hellion x2  
  139  15:35  Thor  
  139  15:39  Hellion x3  
  143  15:43  Viking  
  143  15:44  SCV  
  146  15:54  Viking  
  147  16:00  Thor  
  149  16:07  Terran Ship Weapons Level 1  
  145  16:13  Viking  
  147  16:20  Missile Turret, Supply Depot  
  147  16:21  Thor  
  147  16:22  Supply Depot  
  147  16:23  Supply Depot x2  
  147  16:24  Supply Depot  
  147  16:25  Supply Depot  
  153  16:29  Orbital Command  
  153  16:43  Hellion x3  
  153  16:44  Hellion  
  153  16:45  Hellion  
  159  16:54  Planetary Fortress  
  159  17:04  Hellion  
  161  17:13  Medivac  
  161  17:14  Medivac  
  163  17:25  Thor  
  167  17:30  Hellion x2  
  165  17:46  Siege Tank  
  165  17:49  SCV x2, Supply Depot  
  165  17:50  SCV  
  169  17:51  Refinery  
  169  17:52  Refinery  
  165  18:12  Siege Tank, Hellion  
  166  18:13  Hellion x3  
  166  18:15  Hellion x4  
  164  18:23  SCV x2  
  164  18:25  Missile Turret  
  162  18:41  Siege Tank x2  
  168  18:49  Supply Depot x2, Command Center  
  168  18:50  Command Center  
  166  19:09  Hellion x3  
  166  19:18  Sensor Tower  
  166  19:25  Starport  
  166  19:29  Fusion Core  
  166  19:52  Viking x2  
  168  19:53  Sensor Tower  
  168  19:55  Barracks Tech Lab  
  168  19:59  Ghost Academy  
  170  20:03  Thor  
  176  20:15  Starport Reactor  
  176  20:26  Widow Mine  
  178  20:33  Hellion x4  
  180  20:46  Hellion  
  180  20:47  Hellion  
Tags
 
Add a new tag
Caveats
  • Supply blocks, unpowered buildings, or Contaminate may cause inaccurate times.
  • Supply counts are checked every 10 seconds.